 Dungeon Crawl Stone Soup version 0.29.1-2-gbd0b4ee654 (webtiles) character file.

Game seed: 10086457663159513963

115 kingsuperguy the Trooper (level 4, -9/42 HPs)
             Began as a Minotaur Berserker on Nov 16, 2022.
             Was a Follower of Trog.
             Killed from afar by an orc wizard (11 damage)
             ... with a magic dart
             ... on level 3 of the Dungeon.
             The game lasted 00:03:13 (1371 turns).

kingsuperguy the Trooper (Minotaur Berserker)       Turns: 1371, Time: 00:03:13

Health: -9/42      AC:  3    Str: 27    XL:     4   Next: 68%
Magic:  3/3        EV: 12    Int:  9    God:    Trog [*.....]
Gold:   64         SH:  0    Dex:  9    Spells: 3/3 levels left

rFire   x . .      SeeInvis .   a - +0 mace
rCold   + . .      Faith    .   (no shield)
rNeg    . . .      Spirit   .   j - +0 leather armour
rPois   .          Reflect  .   (helmet restricted)
rElec   .          Harm     .   (no cloak)
rCorr   .          Rampage  .   (no gloves)
Will    .....      Rage     3%  (no boots)
Stlth   ..........              (no amulet)
HPRegen 0.14/turn               h - +6 ring of intelligence
MPRegen 0.08/turn               i - ring of ice

@: confused, mighty, brilliant, on berserk cooldown, flying, hasted and slowed
A: horns 2, retaliatory headbutt, berserk 1, strong 1, MP-powered wands
a: Renounce Religion, Berserk


You were on level 3 of the Dungeon.
You worshipped Trog.
Trog was aware of your devotion.
You visited 1 branch of the dungeon, and saw 3 of its levels.

You collected 64 gold pieces.

Inventory:

Hand Weapons
 a - a +0 mace (weapon)
 k - a +0 sling
 n - a +0 long sword
Missiles
 f - 6 poisoned darts (quivered)
 o - 15 stones
Armour
 b - a +0 animal skin
 j - a +0 leather armour (worn)
Jewellery
 h - a +6 ring of intelligence (left hand)
 i - a ring of ice (right hand)
 l - an amulet of magic regeneration
Scrolls
 d - 5 scrolls of identify {unknown}
 g - a scroll of vulnerability {unknown}
 m - 2 scrolls of poison {unknown}
Potions
 q - a potion of brilliance


   Skills:
 + Level 5.1 Fighting
 + Level 5.0 Maces & Flails
 + Level 2.8 Armour
 + Level 2.6 Dodging
 + Level 0.1 Stealth


You had 3 spell levels left.
You didn't know any spells.
Your spell library was empty.

Dungeon Overview and Level Annotations

Branches:
Dungeon (2/15)

Altars:

Shops:
D:1 [   D:3 *=[(


Innate Abilities, Weirdness & Mutations

You have a pair of horns on your head.
You reflexively headbutt those who attack you in melee.
You sometimes lose your temper in combat.
Your muscles are strong. (Str +4, Int/Dex -1)
You expend magic power (3 MP) to strengthen your wands.


Message History

It was a potion of mutation.
You feel extremely strange.
You feel stronger.
You feel a little pissed off.
You feel your magical essence link to the dungeon's wands.
You feel less confused.
You hear some strange, mumbled words.
A puff of flame appears from out of thin air!
The puff of flame misses you. Something hits you. Something hits you.
You hear some strange, mumbled words.
A puff of flame appears from out of thin air!
The puff of flame hits you! The fire burns you terribly!
* * * LOW HITPOINT WARNING * * *
You see here a poisoned dart.
It was a potion of brilliance.
You feel clever all of a sudden. Something hits you.
* * * LOW HITPOINT WARNING * * *
It was a potion of flight.
You feel very buoyant.
You fly up into the air.
Something hits you but does no damage. Something hits you.
* * * LOW HITPOINT WARNING * * *
Something hits you.
* * * LOW HITPOINT WARNING * * *
It was a potion of might.
You feel very mighty all of a sudden.
You hear some strange, mumbled words.
A puff of flame appears from out of thin air!
The puff of flame misses you.
It was a potion of haste.
You feel yourself speed up. Something hits you but does no damage.
You hear some strange, mumbled words.
You are confused.
You are too confused!
Okay, then.
Okay, then.
You hear some strange, mumbled words.
A magic dart appears from out of thin air!
The magic dart hits you!
You die...

##....##..##
#..#. ##..#
... ... ##<#
.. .# .. #.#
# ..
#.#.######
#.
#..))....#
####)(...#
#..(..#
#.@{..#
#.....#
#######


There were no monsters in sight!

Vanquished Creatures
  An orc priest (D:3)
  Jessica (D:3)
  2 adders
  7 orcs (D:3)
  A ball python (D:3)
  3 endoplasms
  3 hobgoblins (D:1)
  3 bats (D:1)
  2 frilled lizards (D:2)
  6 goblins (D:1)
  5 kobolds
  A rat (D:1)
35 creatures vanquished.

Notes
Turn   | Place    | Note
-------+----------+-------------------------------------------
     0 | D:1      | kingsuperguy the Minotaur Berserker began the quest for the
                  | Orb.
     0 | D:1      | Reached XP level 1. HP: 19/19 MP: 0/0
   455 | D:1      | Reached XP level 2. HP: 23/27 MP: 1/1
   651 | D:1      | Found Moloq's Armour Shoppe.
   955 | D:2      | Reached XP level 3. HP: 27/34 MP: 2/2
  1113 | D:2      | You fall into a shaft and drop 1 floor!
  1113 | D:3      | Found Usacler's Assorted Antiques.
  1183 | D:3      | Found Giheog's Jewellery Emporium.
  1188 | D:3      | Noticed Jessica
  1194 | D:3      | Killed Jessica
  1274 | D:3      | Found Ypise's Antique Armour Emporium.
  1292 | D:3      | Found Ilastrapi's Weapon Shop.
  1324 | D:3      | Reached XP level 4. HP: 41/41 MP: 3/3
  1349 | D:3      | Reached skill level 5 in Fighting
  1349 | D:3      | Reached skill level 5 in Maces & Flails
  1363 | D:3      | Gained mutation: Your muscles are strong. (Str +4, Int/Dex
                  | -1) [potion of mutation]
  1363 | D:3      | Gained mutation: You sometimes lose your temper in combat.
                  | [potion of mutation]
  1363 | D:3      | Gained mutation: You expend magic power (3 MP) to
                  | strengthen your wands. [potion of mutation]
  1367 | D:3      | HP: 2/42 [something (4)]
  1371 | D:3      | Killed from afar by an orc wizard

Illustrated notes

Levels and vault maps discovered:
D:1:      wheals_arrival_shading, layout_loops_cross, serial_shops,
          nicolae_shop_advertising_works [nicolae_subvault_shop_adworks]
D:2:      layout_basic, chequers_serial_rivers_micro_b
D:3:      layout_rooms, serial_shops, nicolae_shop_hallway_plus,
          nicolae_shop_bloodbath_and_beyond, shop, nicolae_shop_stone,
          minivault_26, serial_bayou_lake_a, uniq_jessica

Skill      XL: |  1  2  3  4 |
---------------+-------------+-----
Maces & Flails | 4 5 |  5.0
Fighting       | 4 5 |  5.1
Armour         | |  2.8
Dodging        | |  2.6
Stealth        | |  0.1

Action                   |  1- 3 |  4- 6 || total
-------------------------+-------+-------++-------
Melee: Mace              |    55 |    11 ||    66
       Punch             |     2 |       ||     2
       Headbutt          |     6 |     4 ||    10
Throw: Dart              |       |     2 ||     2
Invok: Berserk           |     1 |     1 ||     2
  Use: Potion            |       |     5 ||     5
Armor: Animal skin       |     3 |       ||     3
       Leather armour    |     6 |    10 ||    16
Dodge: Dodged            |    39 |     7 ||    46
